 Dungeon Crawl Stone Soup version 0.29.1-12-g30fa7ad0bf (webtiles) character file.

Game seed: 16033777695923213686

23 thatblackman the Insei (level 2, -2/22 HPs)
             Began as a Demigod Transmuter on Dec 27, 2022.
             Slain by a rat (3 damage)
             ... on level 1 of the Dungeon.
             The game lasted 00:06:44 (775 turns).

thatblackman the Insei (Demigod Transmuter)          Turns: 775, Time: 00:06:45

Health: -2/22      AC:  2    Str: 11    XL:     2   Next: 57%
Magic:  5/7        EV: 12    Int: 15    God:
Gold:   8          SH:  0    Dex: 14    Spells: 3/5 levels left

rFire   . . .      SeeInvis .   d - +0 dagger
rCold   . . .      Faith    .   (no shield)
rNeg    . . .      Spirit   .   a - +0 robe
rPois   .          Reflect  .   (no helmet)
rElec   .          Harm     .   (no cloak)
rCorr   .          Rampage  .   (no gloves)
Will    .....                   (no boots)
Stlth   +.........              (no amulet)
HPRegen 0.07/turn               (no ring)
MPRegen 0.10/turn               (no ring)

@: very slightly contaminated
A: high MP 1, forlorn, divine attributes
a: no special abilities


You were on level 1 of the Dungeon.
You visited 1 branch of the dungeon, and saw 1 of its levels.

You collected 8 gold pieces.

Inventory:

Hand Weapons
 c - a +0 short sword
 d - a +0 dagger (weapon)
Missiles
 g - 2 stones (quivered)
Armour
 a - a +0 robe (worn)
Potions
 b - a potion of lignification
 f - a potion of flight {unknown}


   Skills:
 + Level 0.8 Fighting
 + Level 2.1 Dodging
 + Level 3.1 Unarmed Combat
 + Level 2.0 Spellcasting
 + Level 2.0 Transmutations


You had 3 spell levels left.
You knew the following spells:

 Your Spells              Type           Power      Damage    Failure   Level
a - Beastly Appendage     Tmut           14%        N/A       10%         1
b - Summon Small Mammal   Summ           4%         N/A       22%         1

Your spell library contained the following spells:

 Spells                   Type           Power      Damage    Failure   Level
 Wereblood                Tmut           7%         N/A       14%         2
 Slow                     Hex            4%         N/A       22%         1
 Spider Form              Tmut/Pois      4%         N/A       41%         3
 Call Canine Familiar     Summ           1%         N/A       54%         3
 Confusing Touch          Hex            1%         N/A       54%         3
 Summon Guardian Golem    Hex/Summ       1%         N/A       54%         3
 Vampiric Draining        Necr           1%         2d6       54%         3
 Ice Form                 Ice/Tmut       4%         N/A       82%         4


Dungeon Overview and Level Annotations

Branches:
Dungeon (1/15)


Innate Abilities, Weirdness & Mutations

You have an increased reservoir of magic. (+10% MP)
You shall have no god before yourself.
Your divine heritage dramatically boosts your attributes as you level up.


Message History

Your transformation is almost over.
The frilled lizard bites you but does no damage.
The dart slug launches a dart at you. The slug dart misses you.
The slug dart hits the rat.
The rat dies!
The frilled lizard attacks as you move away!
The frilled lizard barely misses you.
Your resistance to elements expires.
You hit the dart slug. You claw the dart slug.
The dart slug is moderately wounded.
The frilled lizard bites you but does no damage.
The dart slug bites you.
* * * LOW HITPOINT WARNING * * *
You hit the dart slug. You claw the dart slug.
You kill the dart slug!
The frilled lizard completely misses you.
Your Transmutations skill increases to level 2!
Casting: Beastly Appendage (safe; 10% risk of failure)
Confirm with . or Enter, or press ? or * to list all spells.
You miscast Summon Small Mammal.
You are very lightly contaminated with residual magic.
Nothing appears to happen.
The frilled lizard closely misses you.
Unknown command.
Casting: Summon Small Mammal (safe; 22% risk of failure)
Confirm with . or Enter, or press ? or * to list all spells.
The frilled lizard barely misses you.
A rat comes into view.
Your bat barely misses the frilled lizard.
Your bat misses the frilled lizard.
The frilled lizard bites you but does no damage.
The frilled lizard attacks as you move away!
The frilled lizard closely misses you.
Your horns disappear.
Your talons disappear.
Your bat misses the frilled lizard.
The frilled lizard attacks as you move away!
The frilled lizard barely misses you.
Found 11 gold pieces and a scroll labelled WIESTU XENUAZ.
Your bat completely misses the frilled lizard.
The rat bites you.
You die...

### # ..# .#
..###################.#.
..'.....................
..#######.............#+
..# #.#######....... ..#
#####...#####....... ..#
#........b.l@....... #.#
#.....†...##.r......
.............##.##......
.#..........##.⌠ #.....
#.........#..$ #....
.#.......#.⌠?8 ....
#.......##..$ ###
#..#####..##.⌠ ... ##.
#.


You could see a frilled lizard (ally target), a rat and a friendly bat
(summoned).

Vanquished Creatures
  A dart slug (D:1)
  An endoplasm (D:1)
  A giant cockroach (D:1)
  A goblin (D:1)
  3 hobgoblins (D:1)
  3 kobolds (D:1)
  4 ball pythons (D:1)
  2 frilled lizards (D:1)
  A rat (D:1)
17 creatures vanquished.

Vanquished Creatures (collateral kills)
  An endoplasm (D:1)
  A ball python (D:1)
  A kobold (D:1)
3 creatures vanquished.

Vanquished Creatures (others)
  A rat (D:1)
1 creature vanquished.

Grand Total: 21 creatures vanquished

Notes
Turn   | Place    | Note
-------+----------+-------------------------------------------
     0 | D:1      | thatblackman the Demigod Transmuter began the quest for the
                  | Orb.
     0 | D:1      | Reached XP level 1. HP: 15/15 MP: 5/5
   596 | D:1      | Learned a level 1 spell: Summon Small Mammal
   628 | D:1      | Reached XP level 2. HP: 22/22 MP: 7/7
   632 | D:1      | Reached skill level 3 in Unarmed Combat
   767 | D:1      | HP: 1/22 [dart slug (2)]
   775 | D:1      | Slain by a rat

Illustrated notes

Levels and vault maps discovered:
D:1:      heliophobic_arrival_battle_scene, layout_basic, serial_shops,
          nicolae_shop_waterfront, hellmonk_ecumenical_altar_zigzags,
          minmay_misc_feat_square, minmay_heptomino_w4

Skill      XL: |  1  2 |
---------------+-------+-----
Dodging        | 2 |  2.1
Unarmed Combat | 3 |  3.1
Spellcasting   | 2 |  2.0
Transmutations | 2 |  2.0
Fighting       | |  0.8

Action                   || total
-------------------------++-------
Melee: Dagger            ||    51
       Short sword       ||     9
       Unarmed           ||     3
       Kick              ||     5
       Headbutt          ||     2
Throw: Stone             ||     2
 Cast: Beastly Appendage ||     6
       Summon Small Mamm ||     3
  Use: Potion            ||     1
Armor: Robe              ||    14
Dodge: Dodged            ||    53
